 Dungeon Crawl Stone Soup version 0.24.1 (console) character file.

Game seed: 8226203062074342197, levelgen mode: deterministic

2127 OTRawrior the Destroyer (level 9, 0/50 HPs)
             Began as a Deep Elf Conjurer on Mar 27, 2020.
             Was a Priest of Vehumet.
             Killed by divine providence
             ... invoked by an orc priest
              (12 damage)
             ... on level 7 of the Dungeon.
             The game lasted 00:26:15 (7563 turns).

OTRawrior the Destroyer (Deep Elf Conjurer)         Turns: 7563, Time: 00:26:19

Health: 0/50       AC:  2    Str:  7    XL:     9   Next: 8%
Magic:  0/23       EV: 15    Int: 22    God:    Vehumet [***...]
Gold:   499        SH:  3    Dex: 15    Spells: 12/24 levels left

rFire    . . .     SeeInvis .   m - +2 dagger (protect)
rCold    . . .     Gourm    .   (no shield)
rNeg     + . .     Faith    .   a - +0 robe
rPois    .         Spirit   .   (no helmet)
rElec    .         Reflect  +   (no cloak)
rCorr    +         Harm     .   (no gloves)
MR       .....                  (no boots)
Stlth    ++........             p - +3 amulet of reflection
HPRegen  0.16/turn              y - ring of positive energy
MPRegen  0.18/turn              x - ring of resist corrosion

@: no status effects
A: no striking features
a: Renounce Religion


You were on level 7 of the Dungeon.
You worshipped Vehumet.
Vehumet was most pleased with you.
You were not hungry.

You visited 2 branches of the dungeon, and saw 8 of its levels.

You collected 499 gold pieces.

Inventory:

Hand Weapons
 d - a +2 dagger of venom
 m - a +2 dagger of protection (weapon)
Missiles
 t - 12 poisoned darts (quivered)
Armour
 a - a +0 robe (worn)
Jewellery
 p - a +3 amulet of reflection (around neck)
 x - a ring of resist corrosion (right hand)
 y - a ring of positive energy (left hand)
Wands
 h - a wand of paralysis (24)
 r - a wand of clouds (6)
 w - a wand of flame (8)
Scrolls
 e - a scroll of amnesia
 g - a scroll of remove curse
 i - a scroll of teleportation
 n - a scroll of enchant armour {unknown}
 q - a scroll of enchant weapon {unknown}
 v - a scroll of magic mapping {unknown}
Potions
 b - 2 potions of haste {unknown}
 f - 4 potions of curing
 j - a potion of heal wounds {unknown}
 k - 2 potions of lignification {unknown}
 o - a potion of resistance {unknown}
 s - 2 potions of berserk rage {unknown}
 u - a potion of flight {unknown}
 A - a potion of brilliance {unknown}
Comestibles
 c - 13 rations


   Skills:
 + Level 3.0 Fighting
 + Level 5.6 Dodging
 - Level 2.4 Stealth
 + Level 8.0 Spellcasting
 * Level 9.9 Conjurations
 * Level 3.1 Fire Magic


You had 12 spell levels left.
You knew the following spells:

 Your Spells              Type           Power        Failure   Level  Hunger
a - Magic Dart            Conj           ####         1%          1    None
b - Searing Ray           Conj           ######       1%          2    None
c - Dazzling Spray        Conj/Hex       ####..       1%          3    None
d - Iskenderun's Mystic   Conj           ######..     1%          4    ###....
e - Throw Flame           Conj/Fire      #####.       1%          2    None

Your spell library contained the following spells:

 Spells                   Type           Power        Failure   Level  Hunger
 Force Lance              Conj/Tloc      ####....     2%          4    ###....
 Fulminant Prism          Conj/Hex       ####......   2%          4    ###....
 Summon Small Mammal      Summ           #...         8%          1    None
 Call Imp                 Summ           #.......     11%         2    None
 Call Canine Familiar     Summ           #.......     22%         3    None
 Summon Guardian Golem    Hex/Summ       #.......     22%         3    None
 Summon Ice Beast         Ice/Summ       #.......     58%         4    ###....
 Summon Lightning Spire   Summ/Air       #.......     58%         4    ###....


Dungeon Overview and Level Annotations

Branches:
Dungeon (7/15)             Temple (1/1) D:5

Altars:
Ashenzari
Cheibriados
Elyvilon
Fedhas
Gozag
Kikubaaqudgha
Makhleb
Nemelex Xobeh
Okawaru
Qazlal
Ru
Vehumet
Wu Jian
Xom
Zin
The Shining One


Message History

Casting: Magic Dart (safe; 1% risk of failure)
Confirm with . or Enter, or press ? or * to list all spells.
Aiming: Magic Dart (safe; 1% risk of failure)
Press: ? - help, Shift-Dir - straight line, f/p - orc warrior
Aim: an orc warrior, wielding a +0 long sword, wearing a +0 chain mail and carrying a wand of scattershot (3) (blue smoke, almost dead)
The magic dart hits the orc warrior but does no damage.
The orc warrior is almost dead.
The orc warrior misses you.
Casting: Magic Dart (safe; 1% risk of failure)
Confirm with . or Enter, or press ? or * to list all spells.
Aiming: Magic Dart (safe; 1% risk of failure)
Press: ? - help, Shift-Dir - straight line, f/p - orc warrior
Aim: an orc warrior, wielding a +0 long sword, wearing a +0 chain mail and carrying a wand of scattershot (3) (almost dead)
The magic dart hits the orc warrior but does no damage.
The orc warrior is almost dead.
Your surroundings suddenly seem different.
An orc priest comes into view. It is wielding a +0 club.
The orc priest mumbles some strange prayers to Beogh against you.
Beogh smites you!
You die...

.o.o ...#
#..# #oo#
#..# #..#
#..# #@.#
#######
#..#
#§§§...
####
####§§§..o
#.§§§§§...
#o##§§....
#.##......
#.##......
#.##......
#.##......


You could see an orc priest, an orc wizard (sleeping) and 2 orcs.

Vanquished Creatures
  Grinder (D:3)
  Duvessa (D:6)
  2 ice beasts (D:6)
  An ogre (D:5)
  4 sky beasts
  4 big kobolds (D:5)
  2 bullfrogs
  Dowan (D:6)
  A howler monkey (D:6)
  3 crimson imps
  A hound (D:5)
  2 orc priests
  2 jellies
  An iguana (D:7)
  3 orc wizards (D:4)
  4 worker ants
  2 hound skeletons
  A gnoll (D:5)
  4 adders
  2 shadow imps
  An ooze (D:4)
  2 adder skeletons
  2 worms
  A dart slug (D:2)
  2 leopard geckos
  19 orcs
  2 ball pythons
  5 giant cockroaches
  4 goblins
  10 hobgoblins
  11 jackals
  55 kobolds
  A quokka (D:3)
  9 bats
  6 frilled lizards
  A jackal skeleton (D:5)
  A quokka skeleton (D:5)
  6 rats
180 creatures vanquished.

Notes
Turn   | Place    | Note
-------+----------+-------------------------------------------
     0 | D:1      | OTRawrior the Deep Elf Conjurer began the quest for the
                  | Orb.
     0 | D:1      | Reached XP level 1. HP: 10/10 MP: 6/6
   217 | D:1      | Reached XP level 2. HP: 15/15 MP: 1/8
   280 | D:1      | Learned a level 2 spell: Searing Ray
   765 | D:1      | Reached skill level 5 in Conjurations
  1088 | D:2      | Reached XP level 3. HP: 19/19 MP: 7/10
  1364 | D:2      | Learned a level 3 spell: Dazzling Spray
  1607 | D:3      | Noticed Grinder
  1684 | D:3      | Reached XP level 4. HP: 24/24 MP: 12/12
  1693 | D:3      | Learned a level 4 spell: Iskenderun's Mystic Blast
  2032 | D:3      | Found a radiant altar of Vehumet.
  2034 | D:3      | Found an ancient bone altar of Kikubaaqudgha.
  2034 | D:3      | Found a shadowy altar of Dithmenos.
  2036 | D:3      | Found a shimmering altar of Xom.
  2036 | D:3      | Found a bloodstained altar of Trog.
  2036 | D:3      | Found a shimmering blue altar of Sif Muna.
  2462 | D:3      | Killed Grinder
  2462 | D:3      | Reached skill level 5 in Spellcasting
  2462 | D:3      | Reached skill level 7 in Conjurations
  2462 | D:3      | Reached XP level 5. HP: 23/28 MP: 0/14
  2462 | D:3      | Reached XP level 6. HP: 27/32 MP: 0/16
  2671 | D:4      | Noticed a sky beast
  2673 | D:4      | Killed a sky beast
  3401 | D:5      | Entered Level 5 of the Dungeon
  3408 | D:5      | Reached XP level 7. HP: 31/37 MP: 15/18
  3632 | D:5      | Found a staircase to the Ecumenical Temple.
  3640 | Temple   | Entered the Ecumenical Temple
  3708 | Temple   | Became a worshipper of Vehumet
  3874 | D:5      | Reached skill level 8 in Conjurations
  4002 | D:5      | Reached skill level 1 in Fighting
  4449 | D:5      | Reached * piety under Vehumet
  4449 | D:5      | Offered knowledge of Sandblast by Vehumet.
  5157 | D:5      | Reached XP level 8. HP: 31/44 MP: 0/20
  5279 | D:6      | Noticed Duvessa
  5279 | D:6      | Noticed Dowan
  5450 | D:5      | Reached ** piety under Vehumet
  5450 | D:5      | Offered knowledge of Shock by Vehumet.
  5977 | D:6      | Reached skill level 9 in Conjurations
  6237 | D:6      | Killed Duvessa
  6256 | D:6      | Found a sparkling altar of Nemelex Xobeh.
  6287 | D:5      | Offered knowledge of Throw Flame by Vehumet.
  6534 | D:5      | Learned a level 2 spell: Throw Flame
  6615 | D:6      | Killed Dowan
  6690 | D:6      | Found a blossoming altar of Fedhas.
  6693 | D:6      | Found an ancient bone altar of Kikubaaqudgha.
  6703 | D:6      | Reached skill level 5 in Dodging
  6703 | D:6      | Reached skill level 1 in Fire Magic
  6816 | D:6      | Reached *** piety under Vehumet
  7302 | D:6      | Reached XP level 9. HP: 50/50 MP: 15/23
  7563 | D:7      | Killed from afar by an orc priest

Levels and vault maps discovered:
D:1:      giann_wishing_wells, layout_basic
D:2:      layout_rooms
D:3:      layout_loops_ring, doesnt_xom_only_xom, first_ration, uniq_grinder
D:4:      layout_loops_ring
D:5:      minmay_goblin_kobold_castle, layout_basic, minmay_temple_entry_grid
D:6:      layout_basic, grunt_temple_overflow_growth_and_decay,
          nemelex_xobeh_ov_fountains_minmay, uniq_duvessa
D:7:      layout_basic, uniq_crazy_yiuf_cottage
Temple:   nicolae_temple_hex_pool

Skill      XL: |  1  2  3  4  5  6  7  8  9 |
---------------+----------------------------+-----
Conjurations   | 5 7 8 9 |  9.9
Spellcasting   | 4 5 6 7 8 |  8.0
Dodging        | 4 5 |  5.6
Fighting       | 1 3 |  3.0
Fire Magic     | 2 3 |  3.1
Stealth        | |  2.4

Action                   |  1- 3 |  4- 6 |  7- 9 || total
-------------------------+-------+-------+-------++-------
Melee: Dagger            |    36 |    10 |    23 ||    69
 Cast: Magic Dart        |    39 |    36 |   190 ||   265
       Searing Ray       |     2 |     2 |     9 ||    13
       Iskenderun's Myst |       |    10 |    45 ||    55
       Throw Flame       |       |       |     4 ||     4
Evoke: Wand              |       |       |     3 ||     3
  Use: Potion            |     1 |       |       ||     1
       Scroll            |       |     5 |     6 ||    11
 Stab: Sleeping          |     8 |     2 |     2 ||    12
  Eat: Chunk             |     2 |     6 |    14 ||    22
       Ration            |       |       |     1 ||     1
Armor: Robe              |     8 |     2 |    17 ||    27
Dodge: Dodged            |    29 |     4 |    98 ||   131
Block: Other             |       |     1 |    16 ||    17
       Reflection        |       |       |     7 ||     7
